 Dungeon Crawl Stone Soup version 0.19-a0-1732-g0b18a7b (webtiles) character file.

1429 Amnesiac the Covert (level 8, -22/52 HPs)
             Began as a Vampire Enchanter on Sept 30, 2016.
             Was an Initiate of Gozag.
             Annihilated by Inverse's ghost (25 damage)
             ... on level 7 of the Dungeon.
             The game lasted 00:14:14 (6918 turns).

Amnesiac the Covert (Vampire Enchanter)             Turns: 6918, Time: 00:14:15

Health: -22/52     AC:  4    Str: 10    XL:     8   Next: 44%
Magic:  10/12      EV: 15    Int: 17    God:    Gozag
Gold:   692        SH:  6    Dex: 20    Spells: 4 memorised, 4 levels left

rFire  . . .     SeeInvis +     a - +2 dagger
rCold  + + .     Gourm    .     b - +1 robe
rNeg   + + +     Faith    .     e - +0 buckler
rPois  ∞         Spirit   .     r - +0 helmet
rElec  .         Dismiss  .     (no cloak)
rCorr  .         Reflect  .     (no gloves)
MR     .....     Harm     .     (no boots)
Stlth  ++++++....               (no amulet)
                                m - +3 ring of strength
                                g - +3 ring of dexterity

@: bloodless, non-regenerating
A: fangs 3, see invisible, unbreathing
a: Bat Form, Potion Petition, Call Merchant, Bribe Branch, Renounce Religion


You were on level 7 of the Dungeon.
You worshipped Gozag.
Gozag was pleased with you.
You were bloodless.

You visited 2 branches of the dungeon, and saw 8 of its levels.

You collected 771 gold pieces.
You paid 79 gold pieces to Gozag.

Inventory:

Hand Weapons
 a - a +2 dagger (weapon)
 t - a +0 falchion
Armour
 b - a +1 robe (worn)
 e - a +0 buckler (worn)
 r - a +0 helmet (worn)
Jewellery
 g - a +3 ring of dexterity (left hand)
 k - an uncursed ring of flight
 m - a +3 ring of strength (right hand)
Scrolls
 h - 3 scrolls of remove curse
 i - a scroll of recharging {unknown}
 n - 6 scrolls of identify
 q - a scroll of amnesia {unknown}
 s - a scroll of fog {unknown}
Potions
 d - a potion of invisibility {unknown}
 f - a potion of curing {unknown}
 j - 3 potions of flight {unknown}
 l - 3 potions of haste {unknown}
 o - 2 potions of heal wounds {unknown}
 p - a potion of berserk rage
Books
 c - a book of Maledictions

   Spells                             Type                      Level
   a - Corona                         Hexes                        1
   b - Ensorcelled Hibernation        Hexes/Ice                    2
   c - Confuse                        Hexes                        3
   d - Tukima's Dance                 Hexes                        3
   e - Dazzling Spray                 Conjuration/Hexes            3


   Skills:
 - Level 1.1 Short Blades
 + Level 4.3 Dodging
 - Level 9.6 Stealth
 - Level 4.0 Shields
 - Level 3.2 Spellcasting
 - Level 9.6 Hexes


You had 4 spell levels left.
You knew the following spells:

 Your Spells              Type           Power        Failure   Level  Hunger
a - Corona                Hex            #####..      1%          1    None
e - Confuse               Hex            #####...     1%          3    ###....
f - Ensorcelled Hibernat  Hex/Ice        ###...       3%          2    ##.....
w - Tukima's Dance        Hex            #####...     1%          3    ###....


Dungeon Overview and Level Annotations

Branches:
Dungeon (7/15)             Temple (1/1) D:6

Altars:
Ashenzari
Cheibriados
Dithmenos
Elyvilon
Fedhas
Gozag
Hepliaklqana
Kikubaaqudgha
Makhleb
Nemelex Xobeh
Okawaru
Qazlal
Ru
Sif Muna
Trog
Uskayaw
Vehumet
Xom
Yredelemnul
Zin
The Shining One

Annotations:
D:3 Ijustatesigmund's ghost, weakling SpWz
D:7 Inverse's ghost, novice TrCK


Innate Abilities, Weirdness & Mutations

You do not heal naturally.
You are immune to poison.
You have razor-sharp teeth.
You have supernaturally acute eyesight. (SInv)
You can survive without breathing.


Message History

You hit Inverse's ghost.
Inverse's ghost is lightly damaged.
Inverse's ghost hits you!
You hit Inverse's ghost but do no damage.
Inverse's ghost is lightly damaged.
Inverse's ghost barely misses you.
You hit Inverse's ghost.
Inverse's ghost is lightly damaged.
Inverse's ghost hits you!
* * * LOW HITPOINT WARNING * * *
Unknown command.
Press: ? - help, v - describe, . - travel
Here: Inverse's ghost (lightly damaged)
The floor.
Inverse's ghost says: "I need scissors!
I think I chipped a nail somewhere..."
Okay, then.
Okay, then.
Inverse's ghost hits you!!
You die...
Your body crumbles into a pile of gold.

.....#.#....##......#............
.....#.#######......#............
.....#......######'##............
.....#......#....................
.....#......'....................
.....#......#....................
.....#......#....................
.....#......#....................
.....#......#..W@................
.....#####'##.....#+#####........
.#####............# #........
.#...#............+ #...[.<..
.'...#............# #........
.#...+.............. #........
.##+##.......#######. #####....
.......####### #.... .......#
#....


You could see Inverse's ghost.

Vanquished Creatures
  A two-headed ogre (D:5)
  An ice beast (D:7)
  A phantom (D:4)
  An ogre (D:5)
  A centaur (D:6)
  Blork the orc (D:4)
  A howler monkey (D:5)
  4 crimson imps
  2 hounds
  3 orc priests (D:6)
  3 orc wizards
  3 iguanas
  6 worker ants
  Robin (D:3)
  8 adders
  A shadow imp (D:6)
  2 oozes
  An adder zombie (D:6)
  An adder skeleton (D:6)
  2 worms
  3 dart slugs
  8 leopard geckos
  13 orcs
  4 giant cockroaches
  7 hobgoblins
  7 jackals (D:3)
  7 kobolds
  4 quokkas
  2 ball pythons
  5 bats
  7 frilled lizards
  9 goblins
  A leopard gecko skeleton (D:5)
  A quokka skeleton (D:4)
  12 rats
134 creatures vanquished.

Vanquished Creatures (collateral kills)
  An orc (D:6)
1 creature vanquished.

Vanquished Creatures (others)
  A dancing weapon (D:5)
1 creature vanquished.

Grand Total: 136 creatures vanquished

Notes
Turn   | Place    | Note
-------+----------+-------------------------------------------
     0 | D:1      | Amnesiac the Vampire Enchanter began the quest for the Orb.
     0 | D:1      | Reached XP level 1. HP: 13/13 MP: 3/3
   227 | D:3      | Noticed Ijustatesigmund's ghost (weakling SpWz)
   324 | D:3      | Reached XP level 2. HP: 17/19 MP: 5/5
   335 | D:3      | Learned a level 2 spell: Ensorcelled Hibernation
   358 | D:3      | Reached skill level 5 in Hexes
   427 | D:3      | Reached skill level 5 in Stealth
   716 | D:4      | Noticed a phantom
   903 | D:5      | Entered Level 5 of the Dungeon
  1162 | D:4      | Reached XP level 3. HP: 23/24 MP: 1/6
  1170 | D:4      | Learned a level 3 spell: Confuse
  1205 | D:4      | Reached XP level 4. HP: 30/30 MP: 1/7
  1343 | D:4      | Noticed Blork the orc
  1347 | D:4      | Killed Blork the orc
  1347 | D:4      | Reached XP level 5. HP: 32/35 MP: 3/8
  1633 | D:5      | Noticed a two-headed ogre
  1806 | D:4      | Killed a phantom
  1806 | D:4      | Reached XP level 6. HP: 34/41 MP: 1/9
  2404 | D:5      | Found a shadowy altar of Dithmenos.
  2645 | D:5      | Learned a level 3 spell: Tukima's Dance
  2837 | D:5      | Killed a two-headed ogre
  2837 | D:5      | Reached XP level 7. HP: 39/46 MP: 0/11
  3817 | D:6      | Found a staircase to the Ecumenical Temple.
  3856 | Temple   | Entered the Ecumenical Temple
  4108 | Temple   | Became a worshipper of Gozag Ym Sagoz the Greedy
  5265 | D:2      | Reached skill level 1 in Shields
  5597 | D:3      | Noticed Robin
  5609 | D:3      | Reached XP level 8. HP: 46/52 MP: 10/12
  5636 | D:3      | Killed Robin
  6807 | D:7      | Found a burning altar of Makhleb.
  6807 | D:7      | Noticed a balrug
  6811 | D:7      | Noticed an orange demon
  6811 | D:7      | Noticed a hellwing
  6873 | D:7      | Noticed Inverse's ghost (novice TrCK)
  6918 | D:7      | Annihilated by Inverse's ghost

Vault maps used:
D:1:      lightli_arrival_maybe_door_vault, minmay_misc_feat_more_columns
D:2:      first_bread
D:3:      minmay_guardbox, uniq_robin
D:4:      serial_bayou_crossing, uniq_blork_the_orc
D:5:      enter_ossuary_5, nicolae_dithmenos_the_darkroom
D:7:      makhleb_altar_promises_db
Temple:   nicolae_temple_the_god_donut

Skill      XL: |  1  2  3  4  5  6  7  8 |
---------------+-------------------------+-----
Hexes          | 5 6 7 8 9 |  9.6
Stealth        | 5 6 7 9 |  9.6
Dodging        | 3 4 |  4.3
Spellcasting   | 3 |  3.2
Shields        | 1 4 |  4.0
Short Blades   | |  1.1

Action                   |  1- 3 |  4- 6 |  7- 9 || total
-------------------------+-------+-------+-------++-------
Melee: Dagger            |    53 |    49 |   236 ||   338
       Bite              |     1 |     3 |    18 ||    22
 Cast: Corona            |     1 |       |       ||     1
       Ensorcelled Hiber |    10 |    13 |    71 ||    94
       Confuse           |       |     4 |     9 ||    13
       Tukima's Dance    |       |     6 |     2 ||     8
 Abil: End Transformatio |       |     1 |       ||     1
       Bat Form          |       |     1 |       ||     1
  Use: Scroll            |       |       |     8 ||     8
       Potion            |       |       |     1 ||     1
 Stab: Sleeping          |    14 |    18 |    58 ||    90
       Confused          |       |     2 |     6 ||     8
       Distracted        |       |       |     1 ||     1
Armor: Robe              |    13 |     7 |    42 ||    62
Dodge: Dodged            |    35 |    21 |   153 ||   209
Block: Buckler           |       |       |     3 ||     3
